 Dungeon Crawl Stone Soup version 0.29-a0-542-g075992c915 (webtiles) character file.

Game seed: 16046396377256980227

4 MechDurjaeses the Charlatan (level 1, 9/13 HPs)
             Began as a Gnoll Wanderer on June 3, 2022.
             Quit the game on level 1 of the Dungeon.
             The game lasted 00:01:50 (435 turns).

MechDurjaeses the Charlatan (Gnoll Wanderer)         Turns: 435, Time: 00:01:50

Health: 9/13       AC:  3    Str:  7    XL:     1   Next: 60%
Magic:  4/4        EV: 11    Int: 11    God:
Gold:   64         SH:  0    Dex: 15    Spells: 4/5 levels left

rFire   . . .      SeeInvis +   a - +2 quarterstaff
rCold   . . .      Faith    .   (shield currently unavailable)
rNeg    . . .      Spirit   .   e - +0 robe
rPois   .          Reflect  .   (no helmet)
rElec   .          Harm     .   g - +0 cloak
rCorr   .          Rampage  .   (no gloves)
Will    .....                   (no boots)
Stlth   +.........              (no amulet)
HPRegen 0.04/turn               i - ring of see invisible
MPRegen 0.09/turn               (no ring)

@: no status effects
A: fangs 1, strong nose, distributed training
a: no special abilities


You were on level 1 of the Dungeon.
You visited 1 branch of the dungeon, and saw 1 of its levels.

You collected 64 gold pieces.

Inventory:

Hand Weapons
 a - a +2 quarterstaff (weapon)
Missiles
 d - 111 stones
Armour
 e - a +0 robe (worn)
 g - a +0 cloak (worn)
Jewellery
 i - a ring of see invisible (left hand)
Wands
 b - a wand of flame (5)
Scrolls
 f - 2 scrolls of poison {unknown}
 h - a scroll of brand weapon {unknown}
 j - a scroll of enchant armour {unknown}
Potions
 c - a potion of berserk rage


   Skills:
 + Level 0.1 Fighting
 + Level 0.1 Short Blades
 + Level 0.1 Long Blades
 + Level 0.1 Axes
 + Level 0.1 Maces & Flails
 + Level 0.1 Polearms
 + Level 4.4 Staves
 + Level 0.1 Slings
 + Level 0.1 Bows
 + Level 0.1 Crossbows
 + Level 0.1 Throwing
 + Level 4.4 Armour
 + Level 0.1 Dodging
 + Level 0.1 Stealth
 + Level 0.1 Shields
 + Level 0.1 Unarmed Combat
 + Level 2.6 Spellcasting
 + Level 0.1 Conjurations
 + Level 0.1 Hexes
 + Level 0.1 Summonings
 + Level 0.1 Necromancy
 + Level 0.1 Translocations
 + Level 0.1 Transmutations
 + Level 0.1 Fire Magic
 + Level 0.1 Ice Magic
 + Level 0.1 Air Magic
 + Level 3.6 Earth Magic
 + Level 0.1 Poison Magic
 + Level 2.4 Invocations
 + Level 4.4 Evocations


You had 4 spell levels left.
You knew the following spells:

 Your Spells              Type           Power      Damage    Failure   Level
a - Sandblast             Erth           18%        2d7       6%          1

Your spell library contained the following spells:

 Spells                   Type           Power      Damage    Failure   Level
 Stone Arrow              Conj/Erth      10%        3d7       36%         3


Dungeon Overview and Level Annotations

Branches:
Dungeon (1/15)

Altars:


Innate Abilities, Weirdness & Mutations

You have very sharp teeth.
Your uncanny sense of smell can sniff out nearby items.
Your experience applies equally to all skills.


Message History

The quokka bites you.
You hit the quokka.
You kill the quokka!
No target in view!
HP restored.
d - 95 stones (gained 13)
d - 111 stones (gained 16)
You now have 39 gold pieces (gained 4).
A kobold comes into view. It is wielding a +0 short sword.
Found 6 gold pieces.
Found 19 gold pieces.
Found a faded altar of an unknown god.
The kobold closely misses you.
You closely miss the kobold. You bite the kobold, but do no damage.
The kobold hits you but does no damage.
You closely miss the kobold. The kobold closely misses you.
You hit the kobold.
You kill the kobold!
No target in view!
j - a scroll labelled KECREXI ZUWOES You now have 58 gold pieces (gained 19).
You now have 64 gold pieces (gained 6).
A ball python comes into view.
A ball python is nearby!
The ball python hisses angrily.
The ball python bites you. The ball python closely misses you.
You closely miss the ball python. The ball python bites you.
The ball python barely misses you.
You thump the ball python!
You kill the ball python!
No target in view!
Unknown command.
Unknown command.
Unknown command.
Sorry, you're not good enough to have a special ability.
Unknown command.
Unknown command.
Unknown command.
Are you sure you want to abandon this character and quit the game? (Confirm with "yes".)
Okay, then.
Are you sure you want to abandon this character and quit the game? (Confirm with "yes".)

##)§.........##
##.≈........§≈§##
#.≈.........§.≈.#
#.≈.....≈.....§.#
#.≈....≈.≈...§≈.#
#.§....≈_≈...§§.#
#.≈.....≈.....≈.#
##.§.........≈.##
##.≈@......≈.##
##.≈.....≈..#
#...≈≈.≈≈.#.#
#........##..
#.#....### ..#
#.###### #. #.


There were no monsters in sight!

Vanquished Creatures
  A kobold (D:1)
  A quokka (D:1)
  A ball python (D:1)
  A rat (D:1)
4 creatures vanquished.

Notes
Turn   | Place    | Note
-------+----------+-------------------------------------------
     0 | D:1      | MechDurjaeses the Gnoll Wanderer began the quest for the
                  | Orb.
     0 | D:1      | MechDurjaeses set off with the following items: a +2
                  | quarterstaff, a wand of flame (5), a potion of berserk
                  | rage, 35 stones, a +0 robe; and the following spell
                  | memorised: Sandblast; and the following spells available to
                  | memorise: Stone Arrow
     0 | D:1      | Reached XP level 1. HP: 13/13 MP: 4/4
   385 | D:1      | Found a faded altar of an unknown god.
   435 | D:1      | Quit the game

Illustrated notes

Levels and vault maps discovered:
D:1:      dpeg_arrival_snail, layout_loops_ring,
          shapermc_ecumenical_altar_starsandcircs, serial_forest,
          infiniplex_forest_lined_room_, infiniplex_forest_zigzag_1,
          infiniplex_forest_zigzag_1, infiniplex_forest_zigzag_2,
          infiniplex_forest_clump_medium, infiniplex_forest_zigzag_1

Action                   || total
-------------------------++-------
Melee: Quarterstaff      ||     7
       Bite              ||     1
 Cast: Sandblast         ||     1
Armor: Robe              ||     1
Dodge: Dodged            ||     6

Table legend: (Time is in decaauts)
 A = Elapsed time spent in this place.
 B = Non-inter-level travel time spent in this place.
 C = Inter-level travel time spent in this place.
 D = Time resting spent in this place.
 E = Time spent auto-exploring this place.
 F = Levels seen in this place.
 G = Mean time per level.
                   A        B        C        D        E       F      G
               +--------+--------+--------+--------+--------+-----+--------+
         Total |    435 |    430 |      5 |      0 |    390 |   1 |  435.0 |
       Dungeon |    435 |    430 |      5 |      0 |    390 |   1 |  435.0 |
               +--------+--------+--------+--------+--------+-----+--------+

Top non-repeatable levels by time:
     D:1: 435 daAuts
